 Dungeon Crawl Stone Soup version 0.32-a0-131-g9dbbe29261 (webtiles) character file.

Game seed: 3037006733897369012

852 Newt the Changeling (level 8, -5/55 HPs)
             Began as an Octopode Shapeshifter on Feb 8, 2024.
             Blown up by an orc (18 damage)
             ... with a mindburst bolt
             ... on level 5 of the Dungeon.
             The game lasted 00:05:52 (6134 turns).

Newt the Changeling (Octopode Shapeshifter)         Turns: 6134, Time: 00:05:53

Health: -5/55      AC:  1    Str: 13    XL:     8   Next: 1%
Magic:  8/8        EV: 14    Int: 12    God:
Gold:   219        SH:  0    Dex: 14    Spells: 6/7 levels left

rFire   . .          .
                       - Unarmed
rCold   . . .        (no shield)
rNeg    + . .        (helmet currently unavailable)
rPois   .            n - amulet of faith
rElec   .            f - ring of Fafram {Wiz rN+ rCorr Stlth+}
rCorr   +            p - ring of resist corrosion
SInv    .            (no ring)
Will    .....        (no ring)
Stlth   +++          (no ring)
HPRegen 0.29/turn    (no ring)
MPRegen 0.11/turn    (no ring)
                     (no ring)

%: faith, wizardry (x1)
@: beast-form
A: beast (slay +3), almost no armour, amphibious, 8 rings, camouflage 1,
gelatinous body 1, (nimble swimmer 1), tentacles
a: Begin Untransformation


You were on level 5 of the Dungeon.
You were a hulking beast.
You visited 1 branch of the dungeon, and saw 6 of its levels.

You collected 219 gold pieces.

Inventory:

Missiles
 o - 4 poisoned darts (quivered)
Jewellery
 f - the ring of Fafram (left tentacle) {Wiz rN+ rCorr Stlth+}
   (You acquired it on level 3 of the Dungeon)

   [ring of wizardry]

   Wiz:       It improves your spell success rate.
   rN+:       It protects you from negative energy.
   rCorr:     It protects you from acid and corrosion.
   Stlth+:    It makes you more stealthy.
 n - an amulet of faith (around mantle)
 p - a ring of resist corrosion (right tentacle)
Talismans
 b - a beast talisman (active)
 c - a flux talisman
Scrolls
 e - a scroll of identify
 g - a scroll of poison
 j - a scroll of brand weapon {unknown}
 l - a scroll of teleportation
 q - a scroll of amnesia {unknown}
 r - a scroll of fog {unknown}
 s - a scroll of silence {unknown}
 t - a scroll of immolation {unknown}
Potions
 a - a potion of lignification
 d - a potion of haste {unknown}
 h - 4 potions of curing {unknown}
 i - a potion of might {unknown}
 k - 2 potions of enlightenment {unknown}
 m - 2 potions of heal wounds {unknown}


   Skills:
 + Level 5.0 Fighting
 - Level 4.2 Dodging
 - Level 3.0 Unarmed Combat
 * Level 6.2 Shapeshifting


You had 6 spell levels left.
You knew the following spells:

 Your Spells              Type           Power      Damage    Failure   Level
a - Summon Small Mammal   Summ           0%         N/A       13%         1

Your spell library contained the following spells:

 Spells                   Type           Power      Damage    Failure   Level
 Kiss of Death            Conj/Necr      0%         2d5       13%         1
 Call Canine Familiar     Summ           0%         N/A       36%         3
 Confusing Touch          Hex            0%         N/A       36%         3
 Dispel Undead            Necr           0%         3d6       75%         4
 Summon Blazeheart Golem  Fire/Summ      0%         N/A       75%         4


Dungeon Overview and Level Annotations

Branches:
Dungeon (6/15)
 Temple: D:4-7

Altars:


Innate Abilities, Weirdness & Mutations

You are a hulking beast.
Your limbs bulge with bestial killing power. (Slay +3)
You cannot wear most types of armour.
You are amphibious.
You can wear up to eight rings at the same time.
Your skin changes colour to match your surroundings (Stealth+).
Your rubbery body absorbs attacks. (AC +1, EV +1)
((You are camouflaged when in or above water. (Stealth+)))
You have tentacles for arms and can constrict up to eight enemies at once.


Message History

The scorpion stings you but does no damage.
You tentacle-slap the scorpion. You grab the scorpion.
The scorpion is heavily wounded.
You constrict the scorpion, but do no damage.
You feel sick. The scorpion barely misses you.
You tentacle-slap the scorpion but do no damage.
The scorpion is heavily wounded.
You constrict the scorpion.
You feel sick. The scorpion barely misses you.
You tentacle-slap the scorpion.
The scorpion is severely wounded.
You constrict the scorpion.
You feel sick. The scorpion misses you.
You tentacle-slap the scorpion.
You kill the scorpion!
You feel sick.
Your Fighting skill increases to level 5!
You have reached level 8!
You feel sick.
You feel sick.
You are no longer poisoned.
You see here a scorpion corpse.
You see here a scorpion corpse.
Things that are here:
a +0 giant club; an ogre skeleton An orc comes into view.
It is wielding a +0 whip and carrying a wand of mindburst.
The orc shouts!
The orc zaps a wand.
Your mind is blasted!
An orc is nearby!
Found a fizzy blue potion and a scroll of teleportation.
The orc zaps a wand.
Your mind is blasted!
You are too injured to fight recklessly!
You are too injured to fight recklessly!
You are too injured to fight recklessly!
Unknown command.
The orc zaps a wand.
Your mind is blasted!
* * * LOW HITPOINT WARNING * * *
You tentacle-slap the orc but do no damage.
You grab the orc.
You constrict the orc, but do no damage.
The orc zaps a wand.
Your mind is blasted!
You die...

##>......# #..
#.†....#### #..
#.........####
###
##..###......###
# ##.#
#####....#####
#..#
####.....####
##.##
##....####.....#
#..####.....!#
#......
#.###.ho.....#
#......
##.#..........#
#......
#.............#
#......
##.............#
#......
#..............#
#......
#.##............
#......
##.###...........
##..... #..#
###.........
#..... ###.##
####....? #.....


You could see an orc.

Vanquished Creatures
  An ogre (D:5)
  4 scorpions
  A howler monkey (D:5)
  2 hounds (D:4)
  A gnoll bouda (D:6)
  Terence (D:2)
  An iguana (D:4)
  An orc wizard (D:4)
  10 gnolls
  4 adders
  4 dart slugs (D:1)
  7 orcs
  5 bats
  4 endoplasms
  4 giant cockroaches
  9 goblins
  10 hobgoblins
  3 jackals (D:4)
  10 ball pythons
  3 frilled lizards
  7 kobolds
  6 rats
98 creatures vanquished.

Vanquished Creatures (collateral kills)
  An ogre (D:5)
  A gnoll (D:3)
2 creatures vanquished.

Grand Total: 100 creatures vanquished

Notes
Turn   | Place    | Note
-------+----------+-------------------------------------------
     0 | D:1      | Newt the Octopode Shapeshifter began the quest for the Orb.
     0 | D:1      | Reached XP level 1. HP: 13/13 MP: 1/1
   132 | D:1      | Reached XP level 2. HP: 8/18 MP: 2/2
   318 | D:1      | Reached XP level 3. HP: 15/24 MP: 3/3
   954 | D:2      | Reached XP level 4. HP: 29/29 MP: 4/4
   983 | D:2      | Noticed Terence
   996 | D:2      | Killed Terence
  1225 | D:2      | You fall into a shaft and drop 2 floors!
  2169 | D:3      | Reached XP level 5. HP: 35/35 MP: 5/5
  2172 | D:3      | Identified a scroll of acquirement
  2173 | D:3      | Acquired the ring of Fafram {Wiz rN+ rCorr Stlth+}
  2258 | D:3      | Learned a level 1 spell: Summon Small Mammal
  3253 | D:4      | Reached XP level 6. HP: 35/42 MP: 6/6
  3268 | D:4      | Reached skill level 4 in Shapeshifting
  3445 | D:4      | HP: 2/43 [poisoned by a scorpion]
  3903 | D:4      | Identified the +2 trident "Ogreslayer" {heavy, *Noise rF++
                  | Str+2 Dex+2}
  4135 | D:5      | Entered Level 5 of the Dungeon
  4240 | D:5      | Reached XP level 7. HP: 29/48 MP: 7/7
  4516 | D:6      | Reached skill level 5 in Shapeshifting
  5825 | D:5      | Reached skill level 6 in Shapeshifting
  6023 | D:5      | Reached skill level 5 in Fighting
  6023 | D:5      | Reached XP level 8. HP: 41/55 MP: 8/8
  6134 | D:5      | Blown up by an orc

Illustrated notes

Levels and vault maps discovered:
D:1:      ncdulo_lavacross, layout_rooms, serial_bayou, serial_bayou_lake_a,
          serial_bayou_crossing, serial_bayou_pond_d, serial_bayou_lagoon_a,
          serial_bayou_pond_b, chequers_serial_rivers_room_b
D:2:      layout_basic, patterned_corridor, uniq_terence
D:3:      layout_rooms, serial_aquarium, aquarium_bridge_square
          [aquarium_subvault_window, aquarium_subvault_bridge,
          aquarium_subvault_window, aquarium_subvault_bridge],
          aquarium_bridge_island_large [aquarium_subvault_large_4_pools,
          aquarium_subvault_wall, aquarium_subvault_wall,
          aquarium_subvault_bridge, aquarium_subvault_window],
          aquarium_window_3, aquarium_window_fake, aquarium_window_fake,
          aquarium_window_1, aquarium_view_2e, aquarium_view_2b,
          aquarium_balcony_double_1, aquarium_pool_2, grunt_ministairs_15,
          minmay_fractal_squares_gapless_5
D:4:      layout_rooms, kennysheep_generic_room_16
D:5:      layout_cave_pods
D:6:      layout_loops_ring, minmay_temple_entry_waves, grunt_potential

Skill      XL: |  1  2  3  4  5  6  7 |
---------------+----------------------+-----
Dodging        | 3 4 |  4.2
Fighting       | 2 3 4 5 |  5.0
Shapeshifting  | 4 6 |  6.2
Unarmed Combat | |  3.0

Action                     |  1- 3 |  4- 6 |  7- 9 || total
---------------------------+-------+-------+-------++-------
  Melee: Unarmed           |    73 |   109 |    56 ||   238
         Constrict         |    23 |    28 |    11 ||    62
         Tentacles         |     8 |    22 |    13 ||    43
         Punch             |     3 |     6 |     3 ||    12
  Throw: Dart              |       |       |     4 ||     4
   Cast: Summon Small Mamm |       |     2 |     1 ||     3
    Use: Scroll            |       |     6 |     2 ||     8
   Stab: Sleeping          |     6 |    11 |     1 ||    18
         Distracted        |       |     1 |       ||     1
 Armour: Skin              |    26 |    45 |    27 ||    98
  Dodge: Dodged            |    42 |    62 |    38 ||   142
   Form: Beast             |     1 |       |       ||     1

Table legend: (Time is in decaauts)
 A = Elapsed time spent in this place.
 B = Non-inter-level travel time spent in this place.
 C = Inter-level travel time spent in this place.
 D = Time resting spent in this place.
 E = Time spent auto-exploring this place.
 F = Levels seen in this place.
 G = Mean time per level.
                   A        B        C        D        E       F      G
               +--------+--------+--------+--------+--------+-----+--------+
         Total |   6124 |   5978 |    146 |   2298 |   2907 |   6 | 1020.7 |
       Dungeon |   6124 |   5978 |    146 |   2298 |   2907 |   6 | 1020.7 |
               +--------+--------+--------+--------+--------+-----+--------+

Top non-repeatable levels by time:
     D:4: 1448 daAuts
     D:5: 1216 daAuts
     D:2: 1155 daAuts
     D:3: 832 daAuts
     D:6: 783 daAuts
     D:1: 689 daAuts
